 Dungeon Crawl Stone Soup version 0.29.1-13-g9f3cf754e1 (webtiles) character file.

Game seed: 15413323454323707110

23 KittyFluff the Trooper (level 3, -3/23 HPs)
             Began as a Gargoyle Berserker on Jan 22, 2023.
             Was a Follower of Trog.
             Slain by a gnoll
             ... wielding a +0 halberd
              (9 damage)
             ... on level 2 of the Dungeon.
             The game lasted 00:05:54 (1199 turns).

KittyFluff the Trooper (Gargoyle Berserker)         Turns: 1199, Time: 00:05:55

Health: -3/23      AC:  9    Str: 20    XL:     3   Next: 0%
Magic:  3/3        EV: 11    Int:  7    God:    Trog [*.....]
Gold:   50         SH:  0    Dex: 11    Spells: 2/2 levels left

rFire   + . .      SeeInvis +   a - +0 mace
rCold   . . .      Faith    .   (no shield)
rNeg    + . .      Spirit   .   f - +0 leather armour
rPois   ∞          Reflect  .   e - +0 helmet
rElec   +          Harm     .   (no cloak)
rCorr   .          Rampage  .   (no gloves)
Will    .....                   b - +1 pair of boots
Stlth   +.........              (no amulet)
HPRegen 0.07/turn               c - ring of protection from fire
MPRegen 0.08/turn               k - ring of see invisible

@: no status effects
A: sickness immunity, AC +3, negative energy resistance 1, electricity
resistance, torment resistance 1, petrification resistance
a: Renounce Religion, Berserk


You were on level 2 of the Dungeon.
You worshipped Trog.
Trog was aware of your devotion.
You visited 1 branch of the dungeon, and saw 2 of its levels.

You collected 50 gold pieces.

Inventory:

Hand Weapons
 a - a +0 mace (weapon)
Missiles
 g - 10 stones (quivered)
Armour
 b - a +1 pair of boots (worn)
 e - a +0 helmet (worn)
 f - a +0 leather armour (worn)
 l - a +0 ring mail
Jewellery
 c - a ring of protection from fire (left hand)
 k - a ring of see invisible (right hand)
Scrolls
 d - 2 scrolls of identify
 h - a scroll of teleportation {unknown}
 j - a scroll of vulnerability {unknown}
Potions
 i - a potion of berserk rage


   Skills:
 + Level 3.4 Fighting
 + Level 3.4 Maces & Flails
 * Level 2.7 Armour
 + Level 1.8 Dodging
 + Level 0.2 Stealth


You had 2 spell levels left.
You didn't know any spells.
Your spell library was empty.

Dungeon Overview and Level Annotations

Branches:
Dungeon (2/15)

Altars:

Shops:
D:2 [


Innate Abilities, Weirdness & Mutations

You are immune to sickness and miasma.
Your stone body is resilient. (AC +3)
You are immune to poison.
You resist negative energy. (rN+)
You are resistant to electric shocks. (rElec)
You are resistant to unholy torment.
You are immune to petrification.


Message History

Found a rapier.
You see here a +1 pair of boots.
b - a +1 pair of boots You start putting on your armour.
You continue putting on your +1 pair of boots. x4
You finish putting on your +1 pair of boots.
There is an entrance to Ewnionger's Armour Boutique here.
A bat comes into view.
The bat hits you but does no damage.
You hit the bat.
You kill the bat!
Trog accepts your kill.
A hobgoblin comes into view.
Found 4 stones.
Found a stone staircase leading down.
Found an escape hatch in the floor.
You sock the hobgoblin!
You kill the hobgoblin!
Trog accepts your kill.
You have reached level 3!
Your experience leads to an increase in your attributes!
Increase (S)trength, (I)ntelligence, or (D)exterity?
You feel agile. x2
Found a scroll labelled VETYCYUXYL.
g - 10 stones (gained 4) 3 gnolls come into view.
Found a glowing cyan potion.
The gnoll shouts! x2
The gnoll hits you from afar with a +0 halberd!
Ouch! That really hurt!
A quokka comes into view.
The gnoll hits you from afar with a +0 halberd.
There is a stone staircase leading down here.
The gnoll attacks as you move away! The gnoll hits you with a +0 club.
* * * LOW HITPOINT WARNING * * *
The gnoll attacks as you move away! The gnoll closely misses you.
The gnoll attacks as you move away! The gnoll hits you but does no damage.
There is a stone staircase leading up here.
The gnoll closely misses you.
The gnoll hits you from afar with a +0 halberd!
You die...

### ..# ###.### #.....#
#.....# #.....#
######.gg@.#
######....g.....##
#......##.#∩.....#####..
#......##.#.##.#.#......
#..>..>##.#..........)..
#.....###.#..#.#.#......
. #.....#
#.#....#.#####..
..##.#### #......#.#
.g...# ###......#


You could see 3 gnolls.

Vanquished Creatures
  2 ball pythons (D:1)
  An endoplasm (D:1)
  2 goblins (D:1)
  3 hobgoblins
  4 kobolds (D:1)
  2 quokkas (D:1)
  2 bats
  3 frilled lizards (D:1)
  A rat (D:1)
20 creatures vanquished.

Notes
Turn   | Place    | Note
-------+----------+-------------------------------------------
     0 | D:1      | KittyFluff the Gargoyle Berserker began the quest for the
                  | Orb.
     0 | D:1      | Reached XP level 1. HP: 14/14 MP: 1/1
   454 | D:1      | Reached XP level 2. HP: 18/19 MP: 2/2
  1135 | D:2      | Found Ewnionger's Armour Boutique.
  1172 | D:2      | Reached XP level 3. HP: 23/23 MP: 3/3
  1199 | D:2      | Slain by a gnoll

Illustrated notes

Levels and vault maps discovered:
D:1:      heliophobic_arrival_battle_scene, layout_basic, serial_corexii_hall,
          corexii_hall_statues_l, corexii_hall_statues_u,
          corexii_hall_statues_i, chequers_hall_statues_wall_a,
          corexii_hall_statues_deadend, corexii_hall_statues_l,
          columned_hall_lemuel
D:2:      layout_loops_cross, serial_glass, glass_columns_c, glass_columns_b,
          serial_shops, shop, shop, shop, shop

Action                   || total
-------------------------++-------
Melee: Mace              ||    43
  Use: Scroll            ||     1
Armor: Animal skin       ||     3
       Leather armour    ||    16
Dodge: Dodged            ||    30
